 Dungeon Crawl Stone Soup version 0.21.0-3-g78d12a8 (webtiles) character file.

46 manyhoops the Fighter (level 3, -2/38 HPs)
             Began as a Gnoll Wanderer on Jan 11, 2018.
             Slain by a worm (8 damage)
             ... on level 2 of the Dungeon.
             The game lasted 00:02:06 (929 turns).

manyhoops the Fighter (Gnoll Wanderer)               Turns: 929, Time: 00:02:07

Health: -2/38      AC:  5    Str: 16    XL:     3   Next: 68%
Magic:  4/4        EV: 10    Int: 13    God:
Gold:   67         SH:  0    Dex: 16    Spells: 3/3 levels left

rFire    . . .     SeeInvis .   e - +0 club
rCold    . . .     Gourm    .   (no shield)
rNeg     . . .     Faith    .   r - +0 ring mail
rPois    .         Spirit   .   (no helmet)
rElec    .         Reflect  .   (no cloak)
rCorr    .         Harm     .   (no gloves)
MR       .....                  (no boots)
Stlth    ++........             (no amulet)
HPRegen  0.12/turn              (no ring)
MPRegen  0.09/turn              k - +2 ring of dexterity

@: lethally poisoned (-2 -> -3)
A: distributed training, fangs 1, strong nose
a: no special abilities


You were on level 2 of the Dungeon.
You were not hungry.

You visited 1 branch of the dungeon, and saw 2 of its levels.

You collected 67 gold pieces.

Inventory:

Hand Weapons
 e - a +0 club (weapon)
 f - a +0 dagger
Missiles
 j - a throwing net (quivered)
 s - 34 sling bullets
Armour
 d - a +0 robe
 r - a +0 ring mail (worn)
Jewellery
 i - an uncursed ring of flight
 k - a +2 ring of dexterity (right hand)
 q - an uncursed amulet of magic regeneration {unknown}
Scrolls
 c - 3 scrolls of teleportation
 h - a scroll of identify {unknown}
 n - a scroll of magic mapping {unknown}
 t - a scroll of enchant armour {unknown}
Potions
 a - 2 potions of haste
 b - a potion of lignification
 l - a potion of magic {unknown}
 m - a potion of brilliance {unknown}
 o - a potion of might {unknown}
 p - a potion of ambrosia {unknown}
 u - a potion of degeneration {unknown}
Comestibles
 g - 4 rations


   Skills:
 + Level 8.5 Fighting
 + Level 0.9 Short Blades
 + Level 0.9 Long Blades
 + Level 0.9 Axes
 + Level 0.9 Maces & Flails
 + Level 0.9 Polearms
 + Level 0.9 Staves
 + Level 0.9 Slings
 + Level 2.6 Bows
 + Level 0.9 Crossbows
 + Level 2.6 Throwing
 + Level 0.9 Armour
 + Level 0.9 Dodging
 + Level 4.2 Stealth
 + Level 0.9 Shields
 + Level 2.6 Unarmed Combat
 + Level 0.9 Spellcasting
 + Level 0.6 Conjurations
 + Level 0.6 Hexes
 + Level 0.6 Charms
 + Level 0.6 Summonings
 + Level 0.6 Necromancy
 + Level 0.6 Translocations
 + Level 0.6 Transmutations
 + Level 0.6 Fire Magic
 + Level 0.6 Ice Magic
 + Level 0.6 Air Magic
 + Level 0.6 Earth Magic
 + Level 0.6 Poison Magic
 + Level 1.0 Invocations
 + Level 2.6 Evocations


You had 3 spell levels left.
You didn't know any spells.

Dungeon Overview and Level Annotations

Branches:
Dungeon (2/15)

Altars:


Innate Abilities, Weirdness & Mutations

Your experience applies equally to all skills.
You have very sharp teeth.
Your uncanny sense of smell can sniff out nearby items.


Message History

You hit the worm.
The worm is lightly wounded.
You feel sick.
You hit the worm but do no damage.
The worm is lightly wounded.
The worm barely misses you.
You hit the worm.
The worm is moderately wounded.
The worm bites you!
* * * LOW HITPOINT WARNING * * *
You hit the worm.
The worm is moderately wounded.
The worm barely misses you.
You barely miss the worm.
The worm is moderately wounded.
You feel sick.
You hit the worm but do no damage.
The worm is moderately wounded.
The worm bites you!
You die...

.#######.#.....####........
##.....#### #........
##....### ..#...##. #....##
######### ###.#..# ∆
....#..### # ..##...)..#
#.# # #......#...#
#....w@?.# #..............
#........#####. .......(#.#
##.####...# #. ..... #
.##### ..


You could see a worm.

Vanquished Creatures
  An adder (D:2)
  A worm (D:2)
  3 dart slugs
  2 leopard geckos
  3 bats
  A giant cockroach (D:1)
  3 goblins
  3 hobgoblins
  4 frilled lizards
  5 kobolds
  2 rats
28 creatures vanquished.

Notes
Turn   | Place    | Note
-------+----------+-------------------------------------------
     0 | D:1      | manyhoops the Gnoll Wanderer began the quest for the Orb.
     0 | D:1      | manyhoops set off with: 2 potions of haste, a potion of lignification, a scroll of teleportation, a +0 robe, a +0 club, a +0 dagger, a ration
     0 | D:1      | Reached XP level 1. HP: 26/26 MP: 2/2
   116 | D:1      | Reached XP level 2. HP: 30/33 MP: 3/3
   816 | D:2      | Reached XP level 3. HP: 38/38 MP: 4/4
   922 | D:2      | Reached skill level 1 in Invocations
   929 | D:2      | Slain by a worm

Skill      XL: |  1  2  3 |
---------------+----------+-----
Invocations    | 1 |  1.0
Fighting       | |  8.5
Short Blades   | |  0.9
Long Blades    | |  0.9
Axes           | |  0.9
Maces & Flails | |  0.9
Polearms       | |  0.9
Staves         | |  0.9
Slings         | |  0.9
Bows           | |  2.6
Crossbows      | |  0.9
Throwing       | |  2.6
Armour         | |  0.9
Dodging        | |  0.9
Stealth        | |  4.2
Shields        | |  0.9
Unarmed Combat | |  2.6
Spellcasting   | |  0.9
Conjurations   | |  0.6
Hexes          | |  0.6
Charms         | |  0.6
Summonings     | |  0.6
Necromancy     | |  0.6
Translocations | |  0.6
Transmutations | |  0.6
Fire Magic     | |  0.6
Ice Magic      | |  0.6
Air Magic      | |  0.6
Earth Magic    | |  0.6
Poison Magic   | |  0.6
Evocations     | |  2.6

Action                   || total
-------------------------++-------
Melee: Club              ||   103
       Bite              ||    12
       Punch             ||     1
  Use: Scroll            ||     1
 Stab: Sleeping          ||     6
Armor: Robe              ||    14
       Ring mail         ||    11
Dodge: Dodged            ||    64
